 Dungeon Crawl Stone Soup version 0.27.1 (webtiles) character file.

Game seed: 6250195320165858389

10114 karkarkar the Severer (level 11, 0/82 HPs)
             Began as a Minotaur Berserker on Sept 3, 2021.
             Was a Priest of Trog.
             Slain by a tentacled starspawn (12 damage)
             ... on level 1 of the Abyss.
             The game lasted 00:38:02 (12790 turns).

karkarkar the Severer (Minotaur Berserker)         Turns: 12790, Time: 00:38:02

Health: 0/82       AC: 17    Str: 22    XL:     11   Next: 31%
Magic:  10/10      EV:  7    Int: 10    God:    Trog [***...]
Gold:   694        SH:  0    Dex: 13    Spells: 10/10 levels left

rFire    . . .     SeeInvis .   l - +0 war axe
rCold    + . .     Faith    .   (no shield)
rNeg     . . .     Spirit   .   e - +0 plate armour
rPois    .         Reflect  .   M - +2 hat
rElec    .         Harm     .   r - +0 cloak
rCorr    .         Rampage  .   d - +0 pair of gloves
Will     .....                  (no boots)
Stlth    ..........             m - amulet of regeneration
HPRegen  1.23/turn              h - ring of protection from cold
MPRegen  0.12/turn              n - +6 ring of intelligence

@: about to teleport
A: horns 2, retaliatory headbutt
a: Renounce Religion, Berserk, Trog's Hand


You were on level 1 of the Abyss.
You worshipped Trog.
Trog was most pleased with you.
You visited 1 branch of the dungeon, and saw 10 of its levels.
You visited the Abyss 1 time.
You also visited: Ossuary.

You collected 694 gold pieces.

Inventory:

Hand Weapons
 l - a +0 war axe (weapon)
Missiles
 b - 3 curare-tipped darts
 f - a throwing net
 p - 14 boomerangs (quivered)
 B - 7 datura-tipped darts
 L - 6 silver javelins
Armour
 d - a +0 pair of gloves (worn)
 e - a +0 plate armour (worn)
 r - a +0 cloak (worn)
 w - a +1 robe of willpower
 M - a +2 hat (worn)
Jewellery
 h - a ring of protection from cold (left hand)
 m - an amulet of regeneration (around neck)
 n - a +6 ring of intelligence (right hand)
 E - an amulet of reflection
Wands
 c - a wand of polymorph (8)
 u - a wand of flame (12)
 C - a wand of iceblast (23)
 D - a wand of mindburst (32)
 Q - a wand of paralysis (4)
Scrolls
 a - 2 scrolls of immolation
 g - 3 scrolls of fog
 o - a scroll of teleportation
 q - a scroll of magic mapping {unknown}
 s - 2 scrolls of fear
 v - 3 scrolls of enchant weapon
 y - 2 scrolls of noise
 A - a scroll of amnesia {unknown}
 F - a scroll of silence {unknown}
 H - a scroll of enchant armour {unknown}
 I - a scroll of summoning {unknown}
 O - a scroll of brand weapon {unknown}
Potions
 i - 5 potions of curing
 j - a potion of resistance
 k - 2 potions of cancellation
 t - a potion of invisibility
 x - 2 potions of heal wounds {unknown}
 z - 2 potions of flight {unknown}
 G - a potion of attraction {unknown}
 J - a potion of mutation {unknown}
 K - a potion of brilliance {unknown}
 N - a potion of lignification {unknown}
 P - 2 potions of might


   Skills:
 - Level 3.6 Fighting
 - Level 16.2 Axes
 + Level 8.2 Throwing
 + Level 6.7 Armour
 - Level 2.1 Dodging
 + Level 1.1 Stealth
 - Level 1.7 Shields
 * Level 3.3 Evocations


You had 10 spell levels left.
You didn't know any spells.
Your spell library was empty.

Dungeon Overview and Level Annotations

Branches:
Dungeon (10/15)            Temple (0/1) D:4            Lair (0/6) D:9
Ossuary (visited)
    Orc: D:9-12

Altars:
Ashenzari
Cheibriados
Okawaru

Annotations:
D:10 Harold


Innate Abilities, Weirdness & Mutations

You have a pair of horns on your head.
You reflexively headbutt those who attack you in melee.


Message History

You see here an ugly thing corpse.
You see here a book of Dangerous Friends.
Found a book of Misfortune.
Tentacles burst from the starspawn's body! 2 starspawn tentacles come into view.
Found a wand of iceblast (9).
What are your orders? t - Shout!
Orders for allies: a - Attack new target. r - Retreat! s - Stop attacking. g - Guard the area. f - Follow me.
Anything else - Cancel.
Okay, then.
Unknown command. 2 lurking horrors come into view.
Your body is wracked with pain!
You slash the tentacled starspawn!
Your headbutt misses the tentacled starspawn.
The tentacled starspawn is lightly damaged.
You slash the lurking horror!
Your body is wracked with pain!
* * * LOW HITPOINT WARNING * * *
The tentacled starspawn bites you but does no damage.
The tentacled starspawn tentacle-slaps you but does no damage.
You can't see any enemies this would affect, really read the scroll of fear?
Okay, then.
Unknown command.
An ancient zyme comes into view.
You feel yourself growing ill in the presence of the ancient zyme.
Press: ? - help, v - describe, . - travel The floor.
Unknown command.
As you read the scroll of teleportation, it crumbles to dust.
You feel strangely unstable.
You feel the power of the Abyss delaying your translocation!
The ancient zyme hits you.
* * * LOW HITPOINT WARNING * * *
The ancient zyme hits you!
* * * LOW HITPOINT WARNING * * *
The tentacled starspawn bites you!
You die...

##########
#/:@X....####
#.x###....*.##
##.#?#####...#
###.. ...#:.#
#......##
#..#. ..##
*#.#.#.# ###
.†.# ###[.#


You could see a tentacled starspawn, an ancient zyme and a lurking horror.

Vanquished Creatures
  A centaur warrior (D:9)
  A two-headed ogre (D:8)
  Pikel (D:6)
  2 ugly things
  A deep elf pyromancer (D:9)
  Psyche (D:8)
  2 trolls
  Grinder (D:6)
  2 shadows (D:9)
  A vampire (D:9)
  2 wyverns (D:9)
  A steam dragon (D:8)
  6 yaks (D:9)
  Eustachio (D:6)
  2 acid dragons
  A floating eye (D:8)
  2 water moccasins
  3 black bears
  5 orc warriors
  A sky beast (D:8)
  A hornet zombie (D:7)
  4 ogres
  A centaur (D:8)
  2 lemures (D:6)
  A phantom (D:4)
  3 kobold brigands
  5 bullfrogs
  3 scorpions
  2 gnoll sergeants (D:6)
  A water moccasin skeleton (D:5)
  6 killer bees
  2 wights
  6 howler monkeys
  A centaur zombie (D:5)
  A jelly (D:7)
  2 hounds
  Crazy Yiuf (D:4)
  3 orc priests
  A centaur skeleton (D:7)
  A gnoll shaman (D:5)
  6 iguanas
  9 orc wizards
  2 killer bee zombies
  A hound skeleton (D:5)
  3 mummies (Ossuary)
  A howler monkey zombie (D:5)
  5 adders
  15 gnolls
  2 shadow imps
  2 white imps
  5 adder zombies (Ossuary)
  3 worms
  4 dart slugs
  14 orcs
  10 ball pythons
  4 endoplasms
  3 giant cockroaches
  11 goblins
  4 hobgoblins
  3 jackals (D:4)
  8 quokkas
  2 bats
  4 frilled lizards
  2 goblin zombies (Ossuary)
  2 hobgoblin zombies (Ossuary)
  15 kobolds
  3 kobold zombies (Ossuary)
  3 quokka zombies (Ossuary)
  4 rats
  3 rat zombies (Ossuary)
  A bush (D:4)
  A lurking horror (Abyss:1)
239 creatures vanquished.

Vanquished Creatures (collateral kills)
  A kobold brigand (D:8)
  A necrophage (D:8)
  A centaur (D:8)
  4 kobolds (D:8)
7 creatures vanquished.

Vanquished Creatures (others)
  5 fungi
  A lurking horror (Abyss:1)
  4 starspawn tentacles (Abyss:1)
10 creatures vanquished.

Grand Total: 256 creatures vanquished

Notes
Turn   | Place    | Note
-------+----------+-------------------------------------------
     0 | D:1      | karkarkar the Minotaur Berserker began the quest for the
                  | Orb.
     0 | D:1      | Reached XP level 1. HP: 19/19 MP: 0/0
    91 | D:1      | Reached skill level 4 in Axes
   332 | D:1      | Reached XP level 2. HP: 21/26 MP: 1/1
   895 | D:1      | Reached skill level 5 in Axes
   980 | D:1      | Reached XP level 3. HP: 31/31 MP: 2/2
  1631 | D:2      | Reached ** piety under Trog
  2073 | D:2      | Found a faded altar of an unknown god.
  2606 | D:3      | Reached XP level 4. HP: 39/39 MP: 3/3
  2629 | D:3      | Reached skill level 6 in Axes
  2799 | D:3      | Noticed a scorpion
  2809 | D:3      | Killed a scorpion
  2810 | D:3      | Reached skill level 7 in Axes
  2810 | D:3      | Reached XP level 5. HP: 41/45 MP: 4/4
  3256 | D:3      | Noticed an ogre
  3267 | D:3      | Killed an ogre
  3268 | D:3      | Reached skill level 8 in Axes
  3268 | D:3      | Reached XP level 6. HP: 44/51 MP: 5/5
  3611 | D:4      | Reached skill level 9 in Axes
  3707 | D:4      | Reached *** piety under Trog
  3971 | D:4      | Found a staircase to the Ecumenical Temple.
  4042 | D:4      | Reached XP level 7. HP: 23/57 MP: 6/6
  4273 | D:4      | Reached skill level 10 in Axes
  4625 | D:4      | Reached skill level 1 in Throwing
  5036 | D:4      | Found a runed translucent door.
  5037 | D:4      | Noticed Crazy Yiuf
  5045 | D:4      | Killed Crazy Yiuf
  5103 | D:5      | Entered Level 5 of the Dungeon
  5142 | D:5      | Reached skill level 11 in Axes
  5168 | D:5      | Reached XP level 8. HP: 45/64 MP: 7/7
  5328 | D:5      | Found a broken altar of Ashenzari.
  5391 | D:5      | Noticed a troll
  5409 | D:5      | Killed a troll
  5592 | D:5      | Reached skill level 12 in Axes
  6769 | D:6      | Noticed Grinder
  6779 | D:6      | Killed Grinder
  6780 | D:6      | Reached XP level 9. HP: 58/70 MP: 8/8
  6794 | D:6      | Reached skill level 13 in Axes
  7155 | D:6      | Noticed Pikel
  7181 | D:6      | Killed Pikel
  7182 | D:6      | Reached skill level 5 in Throwing
  7359 | D:6      | Noticed Eustachio
  7363 | D:6      | Killed Eustachio
  7693 | D:7      | Reached skill level 14 in Axes
  8583 | D:8      | Noticed Psyche
  8596 | D:8      | Killed Psyche
  8597 | D:8      | Reached skill level 1 in Stealth
  8726 | D:8      | Reached **** piety under Trog
  8744 | D:8      | Reached XP level 10. HP: 76/77 MP: 9/9
  8877 | D:8      | Found a sand-covered staircase.
  8882 | Ossuary  | Entered an ossuary
  9197 | D:8      | Reached skill level 15 in Axes
  9809 | D:9      | Found a staircase to the Lair.
  9905 | D:9      | Noticed a purple ugly thing
  9917 | D:9      | Killed a purple ugly thing
 10086 | D:9      | Found an iron altar of Okawaru.
 10116 | D:9      | Noticed a two-headed ogre
 10128 | D:9      | Noticed a centaur warrior
 10304 | D:8      | Killed a two-headed ogre
 10305 | D:8      | Reached skill level 1 in Shields
 10503 | D:9      | Killed a centaur warrior
 10504 | D:9      | Reached skill level 16 in Axes
 10677 | D:9      | Reached skill level 1 in Evocations
 10936 | D:9      | Noticed a deep elf pyromancer
 10945 | D:9      | Paralysed by a floating eye for 2 turns
 10951 | D:9      | Paralysed by a floating eye for 4 turns
 11199 | D:9      | Paralysed by a floating eye for 3 turns
 11309 | D:9      | Killed a deep elf pyromancer
 11310 | D:9      | Reached XP level 11. HP: 74/82 MP: 10/10
 11583 | D:9      | Reached skill level 5 in Armour
 11775 | D:9      | Found a snail-covered altar of Cheibriados.
 11903 | D:9      | Identified the +1 robe of Untold Secrets {rElec rC- Int+5
                  | Dex-4}
 12448 | D:10     | Entered Level 10 of the Dungeon
 12732 | D:10     | Noticed Harold
 12736 | D:10     | Cast into level 1 of the Abyss (orc wizard)
 12736 | Abyss:1  | Noticed a purple ugly thing
 12749 | Abyss:1  | Killed a purple ugly thing
 12767 | Abyss:1  | Noticed a tentacled starspawn
 12790 | Abyss:1  | Slain by a tentacled starspawn

Illustrated notes

Levels and vault maps discovered:
D:1:      co_arrival_square_in_a_square_in_a_square, layout_basic,
          minmay_shallow_snake_nest
D:2:      layout_loops_ring, hellmonk_ecumenical_altar_run_dry,
          kennysheep_generic_room_10
D:3:      layout_loops_ring, minmay_ogre_servants
D:4:      layout_basic, minmay_temple_entry_statues_pillars, serial_glass,
          glass_columns_c, glass_columns_c, glass_columns_c, glass_columns_a,
          uniq_crazy_yiuf_cottage
D:5:      layout_rooms, evilmike_ruin_ashenzari, grunt_ministairs_1
D:6:      layout_rooms, uniq_grinder, uniq_eustachio, uniq_pikel
D:7:      layout_loops_ring, nrook_campfire
D:8:      layout_basic, nicolae_ossuary_entry_false_entrances, uniq_psyche
D:9:      layout_small_grid, mainiacjoe_overflow_six_doors_small,
          cheibrodos_worm_habitat, lair_entry_dummy, onia_ninara_cookie
D:10:     layout_loops_ring, nicolae_qazlal_style_of_elements,
          nicolae_hepliaklqana_monster_ancestors,
          gammafunk_temple_overflow_elements, david_orc_4, dk_noncrumbling_4,
          kennysheep_generic_room_2, uniq_erica, uniq_harold
Abyss:1:  base: D:10, hangedman_relentless_pull

Skill      XL: |  1  2  3  4  5  6  7  8  9 10 11 |
---------------+----------------------------------+-----
Axes           | 4 5 7 8 9 11 12 14 16 | 16.2
Throwing       | 2 4 6 7 8 |  8.2
Stealth        | 1 |  1.1
Shields        | 1 |  1.7
Evocations     | 2 3 |  3.3
Armour         | 4 6 |  6.7
Fighting       | |  3.6
Dodging        | |  2.1

Action                   |  1- 3 |  4- 6 |  7- 9 | 10-12 || total
-------------------------+-------+-------+-------+-------++-------
Melee: Hand axe          |    92 |       |       |       ||    92
       Headbutt          |    12 |    11 |    67 |    72 ||   162
       War axe           |       |    88 |   282 |   280 ||   650
Throw: Dart              |       |     7 |    24 |     4 ||    35
       Boomerang         |       |       |    68 |    29 ||    97
       Throwing net      |       |       |     1 |       ||     1
       Javelin           |       |       |       |     7 ||     7
Invok: Trog's Hand       |     1 |     1 |     4 |     7 ||    13
       Berserk           |       |     1 |       |       ||     1
       Brothers in Arms  |       |       |       |     1 ||     1
Evoke: Wand              |       |       |       |     3 ||     3
  Use: Scroll            |     3 |     2 |     4 |     8 ||    17
       Potion            |       |     1 |       |     2 ||     3
Armor: Animal skin       |     1 |       |       |       ||     1
       Plate armour      |    52 |    60 |   185 |   116 ||   413
Dodge: Dodged            |    43 |    22 |    97 |    65 ||   227
Block: Other             |       |       |    10 |    38 ||    48
       Reflection        |       |       |     1 |     3 ||     4
